 Dungeon Crawl Stone Soup version 0.29-a0-284-gf9362112df (webtiles) character file.

Game seed: 1294102785737579963

1590 freelancePsychic the Poker (level 8, -2/64 HPs)
             Began as a Barachi Wanderer on Mar 19, 2022.
             Was an Elder of Zin.
             Killed by divine providence
             ... invoked by a daeva
              (12 damage)
             ... on level 1 of the Abyss.
             The game lasted 00:17:17 (7258 turns).

freelancePsychic the Poker (Barachi Wanderer)       Turns: 7258, Time: 00:17:17

Health: -2/64      AC:  9    Str: 25      XL:     8   Next: 92%
Magic:  12/12      EV: 26    Int:  9      God:    Zin [****..]
Gold:   372        SH:  0    Dex: 11 (12) Spells: 11/11 levels left

rFire   + . .      SeeInvis .   a - +2 spear (flame)
rCold   . . .      Faith    .   (no shield)
rNeg    . . .      Spirit   .   i - +2 ring mail {rF+}
rPois   .          Reflect  .   n - +0 helmet
rElec   .          Harm     .   (no cloak)
rCorr   .          Rampage  .   (no gloves)
Will    .....                   (no boots)
Stlth   +.........              o - amulet of the acrobat
HPRegen 0.20/turn               l - +6 ring of strength
MPRegen 0.13/turn               (no ring)

@: unable to hop, acrobatic, slow
A: amphibious, slowness 1, strong legs 1, +LOS
a: Hop, Renounce Religion, Recite, Vitalisation, Imprison, Donate Gold


You were on level 1 of the Abyss.
You worshipped Zin.
Zin was greatly pleased with you.
You visited 1 branch of the dungeon, and saw 6 of its levels.
You visited the Abyss 1 time.
You also visited: Ossuary.

You collected 478 gold pieces.
You spent 65 gold pieces at shops.
You donated 41 gold pieces to Zin.

Inventory:

Hand Weapons
 a - a +2 spear of flaming (weapon)
Armour
 d - a +0 ring mail of cold resistance
 i - a +2 ring mail of fire resistance (worn)
 n - a +0 helmet (worn)
 x - a +0 buckler
Jewellery
 l - a +6 ring of strength (left hand)
 o - an amulet of the acrobat (around neck)
Wands
 t - a wand of flame (6)
Scrolls
 b - 2 scrolls of fog
 c - a scroll of identify {@r1}
 e - a scroll of amnesia
 f - a scroll of immolation
 h - a scroll of enchant weapon
 k - 2 scrolls of noise
Potions
 g - a potion of attraction {unknown}
 j - 2 potions of resistance {unknown}
 m - 3 potions of heal wounds {unknown}
 q - a potion of flight {unknown}
 r - 2 potions of magic {unknown}
 s - a potion of curing {@q1}
 u - a potion of haste {@q3}
 w - a potion of cancellation {unknown}


   Skills:
 + Level 5.6 Fighting
 * Level 7.6 Polearms
 - Level 4.9 Armour
 - Level 1.1 Dodging
 - Level 2.1 Spellcasting
 - Level 1.0 Necromancy
 * Level 5.4 Invocations


You had 11 spell levels left.
You didn't know any spells.
Your spell library contained the following spells:

 Spells                   Type           Power      Damage    Failure   Level
 Animate Skeleton         Necr           4%         N/A       32%         1
 Pain                     Necr           8%         1d4       32%         1
 Summon Small Mammal      Summ           0%         N/A       43%         1
 Sublimation of Blood     Necr           2%         N/A       43%         2
 Corpse Rot               Necr/Air       2%         N/A       52%         2
 Vampiric Draining        Necr           2%         2d6       67%         3
 Inner Flame              Hex/Fire       0%         N/A       82%         3
 Cause Fear               Hex            0%         N/A       99%         4
 Summon Lightning Spire   Summ/Air       0%         N/A       99%         4
 Malign Gateway           Summ/Tloc      0%         N/A       100%        7
 Monstrous Menagerie      Summ           0%         N/A       100%        7
 Discord                  Hex            0%         N/A       100%        8


Dungeon Overview and Level Annotations

Branches:
Dungeon (6/15)             Temple (0/1) D:5         Ossuary (visited)

Altars:
Trog
Uskayaw
Vehumet
Yredelemnul
Zin

Shops:
D:1 [*   D:3 *

Annotations:
D:4 exclusion: statue
D:5 Pikel
D:6 Eustachio


Innate Abilities, Weirdness & Mutations

You are amphibious.
You cover ground slowly.
You can hop short distances.
You have an extended range of vision and can be seen from far away.


Message History

The small abomination barely misses you.
You hit the small abomination but do no damage.
The small abomination is heavily damaged.
The small abomination barely misses you.
You hit the small abomination. You burn the small abomination.
The small abomination is severely damaged.
The small abomination barely misses you.
You hit the small abomination. You burn the small abomination.
The small abomination is almost destroyed.
The small abomination hits you.
You barely miss the small abomination.
The small abomination is almost destroyed.
The small abomination hits you!
* * * LOW HITPOINT WARNING * * *
You closely miss the small abomination.
The small abomination is almost destroyed.
The small abomination closely misses you.
You closely miss the small abomination.
The small abomination is almost destroyed.
The small abomination barely misses you.
You barely miss the small abomination.
The small abomination is almost destroyed.
The small abomination hits you.
* * * LOW HITPOINT WARNING * * *
You hit the small abomination. You burn the small abomination.
You destroy the small abomination!
That felt strangely unrewarding.
You are suddenly pulled into a different region of the Abyss!
A daeva appears in a shower of sparks.
It is wielding a +4 long sword of holy wrath.
Hop to where?
Press: ? - help, Dir - move target Boing!
The daeva shouts!
The daeva recites a poem about the lawlessness of Jiyva.
The daeva calls down the wrath of the Shining One upon you.
The Shining One smites you!
* * * LOW HITPOINT WARNING * * *
The daeva calls down the wrath of the Shining One upon you.
The Shining One smites you!
You die...

###...###..#
.#.....#...#
.......... #.
......... #. .......
.# #.. .....# ..#
##..###...## ..#
#....#.....#..#
#....@......#
#...........#
#...........#
#..#.....#..#
#.###...###.#### ###
#..#.....#.....#...
#...................
#.....................
#......A..............


You could see a daeva.

Vanquished Creatures
  Sigmund (D:5)
  Duvessa (D:5)
  A small abomination (Abyss:1)
  2 ice beasts
  A black bear (D:5)
  An ogre (D:5)
  3 lemures
  A phantom (D:4)
  A gnoll sergeant (D:6)
  Dowan (D:5)
  4 killer bees
  A howler monkey (D:5)
  2 hounds (D:5)
  2 jellies
  An orc priest (D:6)
  2 iguanas
  2 orc wizards (D:6)
  8 mummies (Ossuary)
  7 gnolls
  4 adders
  A shadow imp (D:5)
  An ufetubus (D:5)
  3 dart slugs
  9 orcs
  6 bats
  6 endoplasms
  2 giant cockroaches (D:1)
  A gnoll zombie (Ossuary)
  8 goblins
  4 hobgoblins
  4 jackals (D:1)
  8 quokkas
  4 ball pythons
  7 frilled lizards
  8 kobolds
  A kobold zombie (Ossuary)
  6 orc zombies (Ossuary)
  5 rats
130 creatures vanquished.

Vanquished Creatures (others)
  2 plants (D:1)
2 creatures vanquished.

Grand Total: 132 creatures vanquished

Notes
Turn   | Place    | Note
-------+----------+-------------------------------------------
     0 | D:1      | freelancePsychic the Barachi Wanderer began the quest for
                  | the Orb.
     0 | D:1      | freelancePsychic set off with the following items: a +2
                  | spear, a +0 scale mail, a scroll of fear; and the following
                  | spells available to memorise: Sublimation of Blood, Corpse
                  | Rot
     0 | D:1      | Reached XP level 1. HP: 13/13 MP: 3/3
   217 | D:1      | Reached XP level 2. HP: 17/20 MP: 5/5
   262 | D:1      | Found a faded altar of an unknown god.
   416 | D:1      | Reached skill level 1 in Fighting
   449 | D:1      | Found Esaen Dirr's General Store.
   903 | D:1      | Reached XP level 3. HP: 17/26 MP: 6/6
  1043 | D:1      | Bought a scroll of teleportation for 39 gold pieces
  1319 | D:1      | Found Peihoca's Armour Shop.
  1697 | D:2      | Reached XP level 4. HP: 32/33 MP: 7/7
  1723 | D:2      | Reached skill level 4 in Polearms
  2033 | D:1      | Bought a scroll of identify for 26 gold pieces
  2287 | D:2      | Noticed a phantom
  2345 | D:3      | Got the Incunabulum of Calling
  2641 | D:3      | Found Zin's Purification Station.
  2643 | D:3      | Found a glowing silver altar of Zin.
  2656 | D:3      | Became a worshipper of Zin the Law-Giver
  2664 | D:3      | Reached XP level 5. HP: 29/39 MP: 8/8
  3088 | D:3      | Reached * piety under Zin
  3248 | D:4      | Found a hide-covered altar of Uskayaw.
  3326 | D:4      | Found a radiant altar of Vehumet.
  3326 | D:4      | Noticed a charred statue
  3335 | D:4      | Found a sand-covered staircase.
  3340 | Ossuary  | Entered an ossuary
  3390 | Ossuary  | Reached skill level 1 in Invocations
  3412 | Ossuary  | Reached XP level 6. HP: 18/46 MP: 9/9
  3419 | Ossuary  | HP: 1/69 [mummy (4)]
  3431 | Ossuary  | Reached ** piety under Zin
  3743 | Ossuary  | Reached *** piety under Zin
  3795 | Ossuary  | Reached **** piety under Zin
  4214 | D:4      | Reached skill level 5 in Polearms
  4345 | D:4      | HP: 1/47 [killer bee (5)]
  5001 | D:4      | Reached XP level 7. HP: 49/52 MP: 10/10
  5153 | D:5      | Entered Level 5 of the Dungeon
  5364 | D:5      | Reached skill level 6 in Polearms
  5502 | D:5      | Noticed Duvessa
  5508 | D:5      | Noticed Dowan
  5533 | D:5      | Killed Duvessa
  5538 | D:5      | Killed Dowan
  5539 | D:5      | Reached XP level 8. HP: 28/61 MP: 11/11
  5733 | D:5      | Found a basalt altar of Yredelemnul.
  5742 | D:5      | Noticed Sigmund
  5752 | D:5      | Killed Sigmund
  5829 | D:5      | Found a staircase to the Ecumenical Temple.
  6069 | D:5      | Reached skill level 5 in Fighting
  6232 | D:5      | Found a bloodstained altar of Trog.
  6346 | D:5      | Reached skill level 7 in Polearms
  6418 | D:6      | Noticed Pikel
  6756 | D:6      | Reached skill level 5 in Invocations
  7126 | D:6      | Noticed Eustachio
  7161 | D:6      | Cast into level 1 of the Abyss (Eustachio)
  7185 | Abyss:1  | Noticed an ancient zyme
  7247 | Abyss:1  | Noticed a daeva
  7258 | Abyss:1  | Killed from afar by a daeva

Illustrated notes

Levels and vault maps discovered:
D:1:      elethiomel_arrival_infinity_welcomes_careful_drivers, layout_rooms,
          serial_shops, nicolae_lakefront_shop, nicolae_shop_crystal,
          shapermc_ecumenical_altar_mp_urbaneastern, st_stairs_4,
          minmay_crystal_room
D:2:      layout_basic, minmay_misc_feat_plants
D:3:      layout_loops_cross, zin_purify
D:4:      layout_cave_pools, nicolae_uskayaw_dance_hall, vehumet_statue,
          enter_ossuary_2
D:5:      layout_loops_cross, trog_three_pillars_becter, old_standard_altar,
          minmay_temple_entry_tees, grunt_ministairs_13, uniq_duvessa,
          uniq_sigmund
D:6:      layout_loops_ring, uniq_eustachio, uniq_pikel
Abyss:1:  base:
D:1

Skill      XL: |  1  2  3  4  5  6  7  8 |
---------------+-------------------------+-----
Fighting       | 1 2 3 4 5 |  5.6
Armour         | 4 |  4.9
Polearms       | 4 5 6 7 |  7.6
Invocations    | 1 2 4 5 |  5.4
Dodging        | |  1.1
Spellcasting   | |  2.1
Necromancy     | |  1.0

Action                   |  1- 3 |  4- 6 |  7- 9 || total
-------------------------+-------+-------+-------++-------
Melee: Spear             |   125 |   231 |   250 ||   606
       Punch             |     1 |     5 |     2 ||     8
Invok: Recite            |       |     3 |    12 ||    15
       Vitalisation      |       |     3 |     2 ||     5
 Abil: Hop               |       |     4 |     4 ||     8
  Use: Scroll            |     1 |    11 |     2 ||    14
       Potion            |     1 |     6 |       ||     7
 Stab: Confused          |       |       |     7 ||     7
       Invisible         |       |       |     4 ||     4
Armor: Scale mail        |    41 |       |       ||    41
       Ring mail         |     6 |    53 |    85 ||   144
       Skin              |       |    56 |       ||    56
Dodge: Dodged            |    30 |    96 |   112 ||   238

Table legend: (Time is in decaauts)
 A = Elapsed time spent in this place.
 B = Non-inter-level travel time spent in this place.
 C = Inter-level travel time spent in this place.
 D = Time resting spent in this place.
 E = Time spent auto-exploring this place.
 F = Levels seen in this place.
 G = Mean time per level.
                   A        B        C        D        E       F      G
               +--------+--------+--------+--------+--------+-----+--------+
         Total |   7803 |   7434 |    369 |   1076 |   5060 |   8 |  975.4 |
       Dungeon |   7079 |   6710 |    369 |    827 |   4749 |   6 | 1179.8 |
         Abyss |     96 |     96 |      0 |      0 |     57 |   1 |   96.0 |
       Ossuary |    627 |    627 |      0 |    249 |    254 |   1 |  627.0 |
               +--------+--------+--------+--------+--------+-----+--------+

Top non-repeatable levels by time:
     D:1: 1799 daAuts
     D:4: 1342 daAuts
     D:5: 1284 daAuts
     D:3: 1232 daAuts
     D:2: 792 daAuts
     D:6: 628 daAuts
 Ossuary: 627 daAuts
 Abyss:1: 96 daAuts
